 Dungeon Crawl Stone Soup version 0.32-a0-893-gf85d74f360 (webtiles) character file.

Game seed: 9581451550539723038

187 pokedragonboy the Grasshopper (level 5, -4/42 HPs)
             Began as an Armataur Warper on Apr 3, 2024.
             Slain by an iguana (8 damage)
             ... on level 4 of the Dungeon.
             The game lasted 00:05:49 (2785 turns).

pokedragonboy the Grasshopper (Armataur Warper)     Turns: 2785, Time: 00:05:50

Health: -4/42      AC:  7    Str: 21    XL:     5   Next: 39%
Magic:  8/8        EV:  8    Int: 14    God:
Gold:   290        SH:  0    Dex:  9    Spells: 3/8 levels left

rFire   . . .        a - +0 hand axe
rCold   . . .        (no shield)
rNeg    . . .        b - +0 leather armour
rPois   .            (no helmet)
rElec   .            j - +0 cloak
rCorr   .            k - +1 pair of gloves {Str+3}
SInv    .            (no barding)
Will    .....        (no amulet)
Stlth   +            (no ring)
HPRegen 0.27/turn    (no ring)
MPRegen 0.11/turn

%: roll
@: no status effects
A: large, deformed body, tough skin 3, armoured tail, rollpage 1
a: no special abilities


You were on level 4 of the Dungeon.
You visited 1 branch of the dungeon, and saw 4 of its levels.

You collected 290 gold pieces.

Inventory:

Hand Weapons
 a - a +0 hand axe (weapon)
Missiles
 d - 7 darts of dispersal (quivered)
 l - 6 javelins
Armour
 b - a +0 leather armour (worn)
 j - a +0 cloak (worn)
 k - a +1 pair of gloves of strength (worn)
Jewellery
 e - a ring of resist corrosion
Scrolls
 c - a scroll of blinking
 g - 4 scrolls of teleportation
Potions
 f - 2 potions of attraction
 h - 3 potions of curing {unknown}
 i - 2 potions of heal wounds
 m - a potion of resistance {unknown}
 n - a potion of ambrosia {unknown}


   Skills:
 + Level 2.5 Fighting
 * Level 3.0 Axes
 - Level 0.8 Throwing
 - Level 1.2 Armour
 - Level 1.3 Dodging
 + Level 2.4 Spellcasting
 * Level 4.3 Translocations


You had 3 spell levels left.
You knew the following spells:

 Your Spells              Type           Power      Damage    Failure   Level
d - Maxwell's Portable P  Tloc           13%        2d(6-17)  14%         3
n - Blink                 Tloc           26%        N/A       7%          2

Your spell library contained the following spells:

 Spells                   Type           Power      Damage    Failure   Level
 Lesser Beckoning         Tloc           26%        N/A       7%          2
 Teleport Other           Tloc           13%        N/A       14%         3
 Stone Arrow              Conj/Erth      2%         3d7       61%         3
 Vhi's Electric Charge    Tloc/Air       14%        N/A       71%         4
 Animate Armour           Summ/Erth      2%         N/A       95%         4
 Lehudib's Crystal Spear  Conj/Erth      0%         10d2      100%        8


Dungeon Overview and Level Annotations

Branches:
Dungeon (4/15)
 Temple: D:4-7

Altars:

Shops:
D:3 *


Innate Abilities, Weirdness & Mutations

Armour fits poorly on your strangely shaped body.
You have extremely tough skin. (AC +3)
You have a long armoured tail.
You regenerate magic when rolling toward enemies. (Rampage MPRegen)


Message History

The quokka bites you.
* * * LOW HITPOINT WARNING * * *
The quokka twitches its whiskers.
The quokka bites you.
* * * LOW HITPOINT WARNING * * *
You completely miss the quokka.
The quokka is heavily wounded.
The quokka completely misses you.
You closely miss the quokka.
The quokka is heavily wounded.
The quokka bites you but does no damage.
You hit the quokka.
You kill the quokka!
You start resting.
A kobold comes into view. It is wielding a +0 dagger.
The kobold shouts!
The kobold throws a stone.
The stone hits you but does no damage.
The kobold throws a stone.
The stone closely misses you.
A ball python comes into view.
The ball python hisses angrily.
You hear an angry hiss.
There is a stone staircase leading up here.
You roll towards the ball python!
An iguana comes into view.
You completely miss the ball python.
The iguana hisses angrily.
The ball python bites you but does no damage.
You hit the ball python.
The ball python is severely wounded.
The ball python closely misses you.
The ball python bites you but does no damage.
You slash the ball python!
You kill the ball python!
You hit the iguana.
The iguana is lightly wounded.
The iguana bites you! x2
* * * LOW HITPOINT WARNING * * *
You hit the iguana.
The iguana is moderately wounded.
The iguana bites you!
You die...

#..†.##.$##
#.#.......#
#.†)...#...
#.#.####
...#.# ..#.
#.# .. #.
#.# # . #<#
.# #@# #l#
#K. ##..
... ....
.....
#####.


You could see an iguana and a kobold.

Vanquished Creatures
  A bombardier beetle (D:4)
  An orc priest (D:3)
  4 adders
  2 dart slugs (D:1)
  3 ribbon worms
  2 orcs (D:3)
  9 bats
  9 endoplasms
  A giant cockroach (D:2)
  8 goblins
  7 hobgoblins
  5 kobolds
  3 quokkas
  8 ball pythons
  4 frilled lizards
  5 rats
72 creatures vanquished.

Notes
Turn   | Place    | Note
-------+----------+-------------------------------------------
     0 | D:1      | pokedragonboy the Armataur Warper began the quest for the
                  | Orb.
     0 | D:1      | Reached XP level 1. HP: 17/17 MP: 3/3
   106 | D:1      | Reached XP level 2. HP: 24/24 MP: 4/4
   304 | D:1      | Found a faded altar of an unknown god.
   532 | D:1      | Reached XP level 3. HP: 23/28 MP: 6/6
   781 | D:2      | Learned a level 2 spell: Blink
   785 | D:2      | Learned a level 3 spell: Maxwell's Portable Piledriver
  1075 | D:2      | Reached XP level 4. HP: 30/36 MP: 7/7
  1815 | D:3      | Found Ziawach's Assorted Antiques.
  2250 | D:3      | Reached skill level 4 in Translocations
  2458 | D:3      | Reached XP level 5. HP: 36/42 MP: 8/8
  2785 | D:4      | Slain by an iguana

Illustrated notes

Levels and vault maps discovered:
D:1:      amcnicky_arrival_choice, layout_rooms,
          shapermc_ecumenical_altar_mp_vishouse, serial_forest,
          infiniplex_forest_corner_1, infiniplex_forest_lined_ring,
          infiniplex_forest_lined_corner, infiniplex_forest_diagonal,
          infiniplex_forest_end_3, infiniplex_forest_lined_room_2,
          infiniplex_forest_clump_double
D:2:      layout_basic, hangedman_abyss_or_decor_stabs,
          kennysheep_decorative_pillar, kennysheep_doodads
D:3:      cheibrodos_pilgrimage, layout_loops_ring, serial_shops,
          nicolae_diamond_shop, grunt_ministairs_14, nicolae_hexahallways
D:4:      layout_rooms

Skill      XL: |  1  2  3  4  5 |
---------------+----------------+-----
Fighting       | 2 |  2.5
Axes           | 2 3 |  3.0
Spellcasting   | 2 |  2.4
Translocations | 4 |  4.3
Throwing       | |  0.8
Armour         | |  1.2
Dodging        | |  1.3

Action                     |  1- 3 |  4- 6 || total
---------------------------+-------+-------++-------
  Melee: Hand axe          |   158 |   104 ||   262
         Tailslap          |    14 |    15 ||    29
    Use: Scroll            |       |     3 ||     3
 Armour: Leather armour    |   159 |    68 ||   227
  Dodge: Dodged            |    81 |    40 ||   121

Table legend: (Time is in decaauts)
 A = Elapsed time spent in this place.
 B = Non-inter-level travel time spent in this place.
 C = Inter-level travel time spent in this place.
 D = Time resting spent in this place.
 E = Time spent auto-exploring this place.
 F = Levels seen in this place.
 G = Mean time per level.
                   A        B        C        D        E       F      G
               +--------+--------+--------+--------+--------+-----+--------+
         Total |   2832 |   2760 |     72 |     65 |   2128 |   4 |  708.0 |
       Dungeon |   2832 |   2760 |     72 |     65 |   2128 |   4 |  708.0 |
               +--------+--------+--------+--------+--------+-----+--------+

Top non-repeatable levels by time:
     D:2: 1092 daAuts
     D:3: 876 daAuts
     D:1: 757 daAuts
     D:4: 106 daAuts
